 Dungeon Crawl Stone Soup version 0.28-b1-70-g80dc712255 (webtiles) character file.

Game seed: 3290470266012144423

56 crazypyro the Skirmisher (level 3, -1/40 HPs)
             Began as an Ogre Monk on Feb 3, 2022.
             Succumbed to an adder's poison
             ... on level 2 of the Dungeon.
             The game lasted 00:01:06 (1677 turns).

crazypyro the Skirmisher (Ogre Monk)                Turns: 1677, Time: 00:01:06

Health: -1/40      AC:  3    Str: 17    XL:     3   Next: 97%
Magic:  3/3        EV: 10    Int: 11    God:
Gold:   43         SH:  0    Dex: 11    Spells: 2/2 levels left

rFire   . . .      SeeInvis .   a - +0 mace
rCold   . . .      Faith    .   (no shield)
rNeg    . . .      Spirit   .   b - +0 robe
rPois   .          Reflect  .   (helmet restricted)
rElec   .          Harm     .   (no cloak)
rCorr   .          Rampage  .   (gloves unavailable)
Will    .....                   (boots unavailable)
Stlth   ++........              (no amulet)
HPRegen 0.13/turn               (no ring)
MPRegen 0.08/turn               (no ring)

@: lethally poisoned (-1 -> -13)
A: large, unfitting armour, tough skin 1
a: no special abilities


You were on level 2 of the Dungeon.
You visited 1 branch of the dungeon, and saw 2 of its levels.

You collected 43 gold pieces.

Inventory:

Hand Weapons
 a - a +0 mace (weapon)
Armour
 b - a +0 robe (worn)
Scrolls
 f - a scroll of silence {unknown}
Potions
 c - 2 potions of curing {unknown}
 d - a potion of cancellation {unknown}
 e - a potion of degeneration {unknown}


   Skills:
 + Level 4.7 Fighting
 * Level 3.5 Maces & Flails
 + Level 3.1 Dodging
 - Level 1.4 Stealth


You had 2 spell levels left.
You didn't know any spells.
Your spell library was empty.

Dungeon Overview and Level Annotations

Branches:
Dungeon (2/15)

Altars:


Innate Abilities, Weirdness & Mutations

You are too large for most types of armour.
You have tough skin. (AC +1)


Message History

An adder is nearby!
The adder hisses angrily.
The adder closely misses you.
You miss the adder. The adder bites you.
You closely miss the adder. The adder bites you. The adder barely misses you.
You closely miss the adder. The adder bites you but does no damage.
You closely miss the adder. The adder bites you. x2
You miss the adder. The adder barely misses you. The adder misses you.
You miss the adder. The adder bites you.
You closely miss the adder. The adder bites you.
You are poisoned.
The adder poisons you! The adder barely misses you.
You barely miss the adder.
You feel sick. The adder bites you but does no damage.
You miss the adder.
You feel sick. The adder bites you but does no damage. The adder bites you.
You are more poisoned.
The adder poisons you!
You barely miss the adder.
You feel very sick. The adder bites you. The adder closely misses you.
You barely miss the adder.
You feel sick. The adder bites you.
You closely miss the adder.
You feel sick. The adder bites you but does no damage.
The adder barely misses you.
You miss the adder.
You feel sick. The adder bites you.
* * * LOW HITPOINT WARNING * * *
You closely miss the adder.
You feel sick. The adder closely misses you. The adder bites you.
* * * LOW HITPOINT WARNING * * *
You are lethally poisoned!
The adder poisons you!
You barely miss the adder.
* * * LOW HITPOINT WARNING * * *
You feel sick. The adder bites you.
* * * LOW HITPOINT WARNING * * *
You are more poisoned.
The adder poisons you! The adder bites you but does no damage.
You sock the adder!
You kill the adder!
You die...

......##....##. #.
......#....)).. #.#
......##....##. #.#
......##....##.
###.######.........#.
#........#.........#.
#........#.........#.
#........#......)..#.
#...@....#.........#.
###.######.........#
##.### #..(......#
#....# #.........##
#....#######........
#...................
#....###############
#....# #..###


There were no monsters in sight!

Vanquished Creatures
  3 adders (D:2)
  A worm (D:2)
  A dart slug (D:2)
  3 endoplasms
  3 goblins
  2 hobgoblins (D:1)
  6 jackals
  2 ball pythons (D:2)
  2 frilled lizards
  7 kobolds
  4 rats
34 creatures vanquished.

Notes
Turn   | Place    | Note
-------+----------+-------------------------------------------
     0 | D:1      | crazypyro the Ogre Monk began the quest for the Orb.
     0 | D:1      | Reached XP level 1. HP: 24/24 MP: 1/1
   317 | D:1      | Reached XP level 2. HP: 28/32 MP: 2/2
  1032 | D:2      | Reached XP level 3. HP: 23/40 MP: 3/3
  1221 | D:2      | Identified the +2 leather armour "Ennaod" {Harm rF+ rC+}
  1677 | D:2      | Succumbed to an adder's poison

Illustrated notes

Levels and vault maps discovered:
D:1:      psy_arrival_spokes, layout_basic, supply_closet_lemuel
D:2:      layout_basic, dk_vineyard_2

Skill      XL: |  1  2 |
---------------+-------+-----
Maces & Flails | 3 |  3.5
Dodging        | 3 |  3.1
Fighting       | |  4.7
Stealth        | |  1.4

Action                   || total
-------------------------++-------
Melee: Mace              ||   110
 Stab: Sleeping          ||     4
Armor: Robe              ||    35
Dodge: Dodged            ||    61
